 Dungeon Crawl Stone Soup version 0.26-a0-663-g36e8fdb655 (webtiles) character file.

Game seed: 7782627620877485997

1255 GoodGuyCap the Chopper (level 8, -7/64 HPs)
             Began as a Demonspawn Monk on Oct 13, 2020.
             Mangled by a wight
             ... wielding a +0 halberd
              (10 damage)
             ... on level 6 of the Dungeon.
             The game lasted 00:13:38 (8458 turns).

GoodGuyCap the Chopper (Demonspawn Monk)            Turns: 8458, Time: 00:13:38

Health: -7/64      AC: 11    Str: 14    XL:     8   Next: 26%
Magic:  0/8        EV:  4    Int: 12    God:
Gold:   312        SH:  0    Dex: 15    Spells: 7/7 levels left

rFire    . . .     SeeInvis .   a - +1 hand axe
rCold    . . .     Faith    .   (no shield)
rNeg     . . .     Spirit   +   o - +0 plate armour
rPois    .         Reflect  .   (no helmet)
rElec    .         Harm     .   x - scarf {repulsion}
rCorr    .         Rampage  .   (no gloves)
MR       .....     Rnd*Rage +   (no boots)
Stlth    ..........             (no amulet)
HPRegen  0.20/turn              e - ring of wizardry (curse)
MPRegen  0.22/turn              (no ring)

@: brilliant, heavily drained, repel missiles
A: talons 2, rugged brown scales 1, berserk 1, deterioration 1, evolution 1,
magic shield, magic regeneration
a: no special abilities


You were on level 6 of the Dungeon.
You visited 2 branches of the dungeon, and saw 7 of its levels.

You collected 312 gold pieces.

Inventory:

Hand Weapons
 a - a +1 hand axe (weapon)
Armour
 o - a +0 plate armour (worn)
 x - a scarf of repulsion (worn)
Jewellery
 e - a cursed ring of wizardry (left hand)
 l - an uncursed amulet of magic regeneration
Wands
 g - a wand of paralysis (9)
 u - a wand of acid (5)
 y - a wand of flame (28)
Scrolls
 b - a scroll of noise {unknown}
 c - 2 scrolls of enchant armour
 d - 4 scrolls of identify
 f - a scroll of fog {unknown}
 i - a scroll of amnesia
 j - 4 scrolls of enchant weapon
 m - 3 scrolls of remove curse {unknown}
 q - 2 scrolls of teleportation {unknown}
 v - a scroll of magic mapping {unknown}
 w - 2 scrolls of fear {unknown}
Potions
 h - a potion of curing
 n - a potion of cancellation
 s - a potion of flight


   Skills:
 * Level 5.4(2.5) Fighting
 * Level 6.6(3.6) Axes
 * Level 4.8(2.0) Armour
 + Level 3.2(0.5) Dodging
 + Level 2.2(0.0) Stealth


You had 7 spell levels left.
You didn't know any spells.
Your spell library contained the following spells:

 Spells                   Type           Power        Failure   Level
 Magic Dart               Conj           #...         100%        1
 Blink                    Tloc           N/A          100%        2
 Call Imp                 Summ           #.......     100%        2
 Slow                     Hex            #.......     100%        2
 Conjure Flame            Conj/Fire      #.......     100%        3
 Mephitic Cloud           Conj/Pois/Air  #.......     100%        3


Dungeon Overview and Level Annotations

Branches:
Dungeon (6/15)             Temple (1/1) D:4

Altars:
Ashenzari
Cheibriados
Dithmenos
Elyvilon
Fedhas
Gozag
Kikubaaqudgha
Makhleb
Nemelex Xobeh
Okawaru
Ru
Sif Muna
Trog
Uskayaw
Wu Jian
Xom
Yredelemnul
Zin
The Shining One

Shops:
D:4 }

Annotations:
D:6 1 runed translucent door, runemasterragnar's ghost, novice OpFi


Innate Abilities, Weirdness & Mutations

You have razor-sharp toenails.
You are partially covered in rugged brown scales. (AC +1, +3% HP)
When hurt, damage is shared between your health and your magic reserves.
You regenerate magic rapidly.
You tend to lose your temper in combat.
Your body sometimes deteriorates upon taking damage.
You evolve.


Message History

* * * LOW HITPOINT WARNING * * *
You feel drained.
You hit the wight.
The wight is moderately damaged.
The wight hits you but does no damage. The wight hits you with a +0 halberd.
* * * LOW HITPOINT WARNING * * *
Unknown command.
You closely miss the wight.
The wight is moderately damaged.
The wight hits you from afar with a cursed +0 spear.
* * * LOW HITPOINT WARNING * * *
The wight hits you but does no damage.
Okay, then.
As you read the scroll labeled FADIWN BISHRA XOKAL, it crumbles to dust.
It is a scroll of amnesia.
You feel forgetful for a moment. The wight hits you but does no damage.
As you read the scroll labeled PIMELL VAKAIN, it crumbles to dust.
Wisps of shadow whirl around you...
It was a scroll of summoning.
The wight hits you but does no damage. The wight hits you with a +0 halberd!
You die...

#.###........#############
#.# #######..# # #.# #..#
#
#.#########..#############
#...........>.............
###########.###### ######.
#...cF#.# #. #.###.#.# #.
#.# #@#.# #. #.# #z#.# #.
#.# #z#.####### #. #.#
#z#(......# #.
#.###....zz.#.# #.
#.#.....###.#.### ##
#.#.....z.(.....#
#.#####.###..##.####
#.......# #((.......


You could see 3 wights, a friendly bullfrog (summoned) and a friendly centaur
(summoned).

Vanquished Creatures
  3 ice beasts
  An ogre (D:6)
  A bullfrog (D:6)
  A scorpion (D:5)
  A wight (D:6)
  A jelly (D:6)
  4 orc priests
  2 hounds
  5 orc wizards
  2 bullfrog skeletons (D:5)
  An iguana (D:5)
  A worker ant (D:5)
  A killer bee zombie (D:6)
  A hound skeleton (D:2)
  A worker ant zombie (D:5)
  3 gnolls (D:5)
  6 adders
  2 white imps
  An ufetubus (D:6)
  A dart slug (D:1)
  3 leopard geckos
  17 orcs
  2 ball pythons
  6 giant cockroaches
  7 goblins
  4 hobgoblins
  19 jackals
  10 kobolds
  A quokka (D:4)
  A ball python zombie (D:2)
  11 bats
  5 frilled lizards
  A giant cockroach zombie (D:2)
  A jackal skeleton (D:5)
  2 leopard gecko skeletons
  A leopard gecko zombie (D:6)
  14 rats
144 creatures vanquished.

Notes
Turn   | Place    | Note
-------+----------+-------------------------------------------
     0 | D:1      | GoodGuyCap the Demonspawn Monk began the quest for the Orb.
     0 | D:1      | Reached XP level 1. HP: 18/18 MP: 1/1
   223 | D:1      | Reached skill level 3 in Axes
   223 | D:1      | Gained mutation: You have sharp toenails. [demonic
                  | ancestry]
   223 | D:1      | Reached XP level 2. HP: 6/24 MP: 2/2
  1088 | D:1      | Gained mutation: You are partially covered in rugged brown
                  | scales. (AC +1, +3% HP) [demonic ancestry]
  1088 | D:1      | Reached XP level 3. HP: 24/29 MP: 3/3
  1557 | D:2      | Found a blossoming altar of Fedhas.
  1675 | D:2      | Found a bloodstained altar of Trog.
  1741 | D:2      | Reached XP level 4. HP: 24/37 MP: 4/4
  2351 | D:2      | Found a sacrificial altar of Ru.
  2351 | D:2      | Found an iron altar of Okawaru.
  2515 | D:3      | Reached skill level 1 in Armour
  2527 | D:3      | Reached skill level 4 in Axes
  2527 | D:3      | Gained mutation: When hurt, damage is shared between your
                  | health and your magic reserves. [demonic ancestry]
  2527 | D:3      | Reached XP level 5. HP: 38/43 MP: 5/5
  3695 | D:4      | Found Udgheis's Gadget Shop.
  3734 | D:4      | Gained mutation: You have razor-sharp toenails. [demonic
                  | ancestry]
  3734 | D:4      | Reached XP level 6. HP: 44/49 MP: 4/6
  4035 | D:4      | Found a staircase to the Ecumenical Temple.
  4058 | Temple   | Entered the Ecumenical Temple
  4895 | D:5      | Entered Level 5 of the Dungeon
  4912 | D:5      | Reached skill level 5 in Axes
  5873 | D:5      | Gained mutation: You regenerate magic rapidly. [demonic
                  | ancestry]
  5873 | D:5      | Reached XP level 7. HP: 38/56 MP: 3/7
  6471 | D:5      | Found an opulent altar of Gozag.
  6959 | D:5      | Reached skill level 5 in Fighting
  7404 | D:5      | Gained mutation: Your body sometimes deteriorates upon
                  | taking damage. [potion of mutation]
  7404 | D:5      | Gained mutation: Your natural rate of healing is unusually
                  | fast. [potion of mutation]
  7407 | D:5      | Lost mutation: Your body sometimes deteriorates upon taking
                  | damage. [potion of mutation]
  7407 | D:5      | Lost mutation: Your natural rate of healing is unusually
                  | fast. [potion of mutation]
  7407 | D:5      | Gained mutation: Your body sometimes deteriorates upon
                  | taking damage. [potion of mutation]
  7407 | D:5      | Gained mutation: Your body often deteriorates upon taking
                  | damage. [potion of mutation]
  7407 | D:5      | Gained mutation: You tend to lose your temper in combat.
                  | [potion of mutation]
  7407 | D:5      | Gained mutation: You evolve. [potion of mutation]
  7520 | D:6      | Lost mutation: Your body often deteriorates upon taking
                  | damage. [evolution]
  7713 | D:6      | Reached skill level 6 in Axes
  7889 | D:6      | Found a runed translucent door.
  7934 | D:6      | Noticed runemasterragnar's ghost (novice OpFi)
  8022 | D:6      | Reached XP level 8. HP: 49/63 MP: 6/8
  8456 | D:6      | HP: 2/64 [wight/cursed +0 spear (2)]
  8458 | D:6      | Mangled by a wight

Illustrated notes

Levels and vault maps discovered:
D:1:      saegor_arrival_simple_d, layout_loops_ring
D:2:      layout_rooms, old_standard_altar, amethyst_overflow_temple_binary,
          fedhas_altar_3, serial_undead, serial_undead_c, serial_undead_d,
          serial_undead_c, serial_undead_a, kennysheep_another_room
D:3:      layout_loops_ring
D:4:      layout_loops_ring, minmay_temple_entry_proselytizer, serial_shops,
          shop_fountains
D:5:      layout_gridville, nicolae_gozag_seed_capital
D:6:      layout_basic, kennysheep_mini_moat, hellmonk_ghost_happy_afterlife
Temple:   jpeg_temple_clearing

Skill      XL: |  1  2  3  4  5  6  7 |
---------------+----------------------+-----
Axes           | 3 4 5 6 |  6.6
Dodging        | 3 |  3.2
Stealth        | 2 |  2.2
Armour         | 1 2 4 |  4.8
Fighting       | 4 5 |  5.4

Action                   |  1- 3 |  4- 6 |  7- 9 || total
-------------------------+-------+-------+-------++-------
Melee: Hand axe          |   143 |   281 |   181 ||   605
       Kick              |    30 |    71 |    58 ||   159
  Use: Scroll            |     1 |       |     3 ||     4
       Potion            |       |     2 |    10 ||    12
 Stab: Sleeping          |     3 |       |       ||     3
Armor: Robe              |    12 |       |       ||    12
       Chain mail        |    50 |   104 |       ||   154
       Leather armour    |     2 |       |       ||     2
       Skin              |     1 |       |       ||     1
       Plate armour      |       |   124 |   141 ||   265
Dodge: Dodged            |    94 |    87 |    43 ||   224
       Repelled          |       |       |     2 ||     2

Table legend: (Time is in decaauts)
 A = Elapsed time spent in this place.
 B = Non-inter-level travel time spent in this place.
 C = Inter-level travel time spent in this place.
 D = Time resting spent in this place.
 E = Time spent auto-exploring this place.
 F = Levels seen in this place.
 G = Mean time per level.
                   A        B        C        D        E       F      G
               +--------+--------+--------+--------+--------+-----+--------+
         Total |   8503 |   8235 |    268 |   1491 |   5245 |   7 | 1214.7 |
       Dungeon |   8037 |   7984 |     53 |   1491 |   5022 |   6 | 1339.5 |
        Temple |    466 |    251 |    215 |      0 |    223 |   1 |  466.0 |
               +--------+--------+--------+--------+--------+-----+--------+

Top non-repeatable levels by time:
     D:5: 2491 daAuts
     D:1: 1485 daAuts
     D:3: 1206 daAuts
     D:6: 1078 daAuts
     D:2: 1008 daAuts
     D:4: 767 daAuts
  Temple: 466 daAuts
